 Dungeon Crawl Stone Soup version 0.31.0-7-gf635a9b802 (webtiles) character file.

Game seed: 3034561375611305207

102 Arcadio the Sneak (level 4, -2/30 HPs)
             Began as an Octopode Brigand on Jan 23, 2024.
             Slain by Ijyb
             ... wielding a +0 club
              (6 damage)
             ... on level 3 of the Dungeon.
             The game lasted 00:04:44 (2144 turns).

Arcadio the Sneak (Octopode Brigand)                Turns: 2144, Time: 00:04:45

Health: -2/30      AC:  1    Str: 10    XL:     4   Next: 77%
Magic:  4/4        EV: 13    Int: 13    God:
Gold:   107        SH:  0    Dex: 15    Spells: 3/3 levels left

rFire   . . .        a - +2 dagger
rCold   . . .        (no shield)
rNeg    . . .        (helmet restricted)
rPois   .            (no amulet)
rElec   .            (no ring)
rCorr   .            (no ring)
SInv    .            (no ring)
Will    .....        (no ring)
Stlth   ++           (no ring)
HPRegen 0.25/turn    (no ring)
MPRegen 0.09/turn    (no ring)
                     (no ring)

%: no passive effects
@: confused
A: almost no armour, amphibious, 8 rings, camouflage 1, gelatinous body 1,
(nimble swimmer 1), tentacles
a: no special abilities


You were on level 3 of the Dungeon.
You visited 1 branch of the dungeon, and saw 3 of its levels.

You collected 107 gold pieces.

Inventory:

Hand Weapons
 a - a +2 dagger (weapon)
 k - a +0 vampiric dagger
Missiles
 b - 12 poisoned darts (quivered)
 c - 3 curare-tipped darts
Jewellery
 l - a ring of ice
Scrolls
 d - a scroll of teleportation
 f - a scroll of revelation
 g - 2 scrolls of noise
 h - 2 scrolls of blinking
 i - a scroll of summoning
 j - a scroll of fog {unknown}
 n - a scroll of amnesia {unknown}
Potions
 e - a potion of might {unknown}
 m - a potion of curing


   Skills:
 + Level 2.8 Fighting
 + Level 2.9 Short Blades
 - Level 2.0 Throwing
 + Level 2.2 Dodging
 + Level 6.2 Stealth


You had 3 spell levels left.
You didn't know any spells.
Your spell library contained the following spells:

 Spells                   Type           Power      Damage    Failure   Level
 Scorch                   Fire           0%         2d5       43%         2
 Flame Wave               Conj/Fire      0%         2d4       97%         4
 Summon Cactus Giant      Summ           0%         N/A       100%        6


Dungeon Overview and Level Annotations

Branches:
Dungeon (3/15)

Altars:

Annotations:
D:3 Ijyb


Innate Abilities, Weirdness & Mutations

You cannot wear most types of armour.
You are amphibious.
You can wear up to eight rings at the same time.
Your skin changes colour to match your surroundings (Stealth+).
Your rubbery body absorbs attacks. (AC +1, EV +1)
((You are camouflaged when in or above water. (Stealth+)))
You have tentacles for arms and can constrict up to eight enemies at once.


Message History

You feel better.
You hit Ijyb. You grab Ijyb.
Ijyb is almost dead.
You constrict Ijyb, but do no damage. You hit Ijyb but do no damage.
You squeeze Ijyb, but do no damage.
Ijyb is almost dead.
You constrict Ijyb, but do no damage.
Ijyb zaps a wand.
Your will is overpowered!
You are confused.
You release your grip on Ijyb.
Ijyb hits you with a +0 club. Ijyb attacks as she pursues you! Ijyb misses you.
Ijyb zaps a wand.
You resist with some effort.
You feel less confused.
You hit Ijyb but do no damage. Your grab misses Ijyb.
Ijyb is almost dead.
Ijyb hits you with a +0 club.
You hit Ijyb but do no damage. Your grab misses Ijyb.
You squeeze Ijyb, but do no damage.
Ijyb is almost dead.
Ijyb hits you with a +0 club.
* * * LOW HITPOINT WARNING * * *
You hit Ijyb but do no damage. Your grab misses Ijyb. Your squeeze misses Ijyb.
Ijyb is almost dead.
Ijyb barely misses you.
You closely miss Ijyb. Your grab misses Ijyb. Your squeeze misses Ijyb.
Ijyb is almost dead.
Ijyb zaps a wand.
Your will is overpowered!
You are confused.
You barely miss Ijyb. Your squeeze misses Ijyb.
Ijyb is almost dead.
Ijyb completely misses you.
You barely miss Ijyb.
Ijyb is almost dead.
You miss Ijyb. You squeeze Ijyb, but do no damage.
Ijyb is almost dead.
Ijyb hits you with a +0 club.
* * * LOW HITPOINT WARNING * * *
You hit Ijyb but do no damage. Your squeeze misses Ijyb.
Ijyb is almost dead.
Ijyb hits you with a +0 club.
You die...

....... .... #........
.....$ #................
........ ....... #.....#
.......
#.....##.##..#......##
#.....#..#..............
#..........# ...........
#.....g@...##...........
###......<.....#..........
#.......###.##.#..........
#............#.##.........
#.........................
#.........)....#..........
#..............#........#.
#..............#........#.
##.............#........##


You could see Ijyb.

Vanquished Creatures
  Robin (D:2)
  2 adders (D:2)
  A dart slug (D:2)
  A ribbon worm (D:3)
  4 ball pythons
  8 bats
  8 endoplasms
  A giant cockroach (D:2)
  10 hobgoblins
  3 jackals (D:3)
  A quokka (D:1)
  A frilled lizard (D:3)
  11 goblins
  5 kobolds
  5 rats
62 creatures vanquished.

Notes
Turn   | Place    | Note
-------+----------+-------------------------------------------
     0 | D:1      | Arcadio the Octopode Brigand began the quest for the Orb.
     0 | D:1      | Reached XP level 1. HP: 14/14 MP: 1/1
    73 | D:1      | Reached XP level 2. HP: 19/19 MP: 2/2
   543 | D:1      | Reached XP level 3. HP: 25/25 MP: 3/3
  1282 | D:2      | Reached skill level 6 in Stealth
  1282 | D:2      | Reached XP level 4. HP: 30/30 MP: 4/4
  1500 | D:2      | Noticed Robin
  1506 | D:2      | Killed Robin
  2071 | D:3      | Noticed Ijyb
  2144 | D:3      | Slain by Ijyb

Illustrated notes

Levels and vault maps discovered:
D:1:      wander_arrival_peaceful_grave, layout_basic, grunt_decor_arrowhead,
          minmay_small_reverse_x
D:2:      layout_loops_cross, serial_forest, infiniplex_forest_lined_room_3,
          infiniplex_forest_join, infiniplex_forest_zigzag_1,
          infiniplex_forest_end_3, infiniplex_forest_clump_long,
          infiniplex_forest_pool, infiniplex_forest_lined_room_, uniq_robin
D:3:      layout_basic, overflow_temple_1_default, uniq_ijyb

Skill      XL: |  1  2  3 |
---------------+----------+-----
Dodging        | 2 |  2.2
Stealth        | 6 |  6.2
Fighting       | |  2.8
Short Blades   | |  2.9
Throwing       | |  2.0

Action                     |  1- 3 |  4- 6 || total
---------------------------+-------+-------++-------
  Melee: Dagger            |    54 |    86 ||   140
         Constrict         |    11 |    17 ||    28
         Tentacles         |     9 |    19 ||    28
    Use: Scroll            |     5 |     1 ||     6
         Potion            |       |     2 ||     2
   Stab: Sleeping          |    12 |     9 ||    21
 Armour: Skin              |    16 |    37 ||    53
  Dodge: Dodged            |    21 |    40 ||    61
